[Event "*** SCC Grand Prix: Titled Tuesday Blitz"]
[Site "Chess.com"]
[Date "2020.08.11"]
[Round "6"]
[White "catzapto"]
[Black "PowerThinking2650"]
[Result "0-1"]
[WhiteElo "1992"]
[BlackElo "2443"]
[TimeControl "180+1"]
[EndTime "11:06:25 PDT"]
[Termination "PowerThinking2650 won by resignation"]

1. e4 e5 2. Nf3 Nc6 3. d4 exd4 4. Bc4 Nf6 5. e5 d5 6. Bb5 Ne4 7. Nxd4 Bc5 8. Nxc6 Bxf2+ 9. Kf1 bxc6 10. Bxc6+ Kf8 11. Qd3 Rb8 12. Bxd5 Ba6 13. c4 Nc5 14. Qf3 Qd7 15. Qxf2 Qxd5 16. Nc3 Bxc4+ 17. Kg1 Qxe5 18. Bf4 Qf5 19.
Qd4 Ne6 20. Qxc4 Qxf4 21. Qxf4 Nxf4 22. b3 g6 23. Kf2 Kg7 24. Rhe1 Nd3+ 25. Ke2 Nxe1 26.
Kxe1 Rhe8+ 27. Kf2 Rbd8 28. Ne2 Rd2 29. Re1 Rxa2 30.
Kf3 Rexe2 31. Rxe2 Rxe2 32. Kxe2 f5 33. Kd3 Kf6 34.
Kc4 g5 35. Kc5 f4 36. Kc6 g4 37. Kxc7 f3 38. gxf3 gxf3 39. b4 f2 40. Kb7 f1=Q 41. Kxa7 Qb5 42. h4 Ke7 43. h5 Kd7 44. Ka8 Kc7 0-1

[Event "*** SCC Grand Prix: Titled Tuesday Blitz"]
[Site "Chess.com"]
[Date "2020.08.11"]
[Round "6"]
[White "GMKrikor"]
[Black "SergeyKarjakin"]
[Result "0-1"]
[WhiteElo "2729"]
[BlackElo "2980"]
[TimeControl "180+1"]
[EndTime "11:06:26 PDT"]
[Termination "SergeyKarjakin won on time"]

1. e4 c5 2. Nf3 d6 3. d4 cxd4 4. Nxd4 Nf6 5. Nc3 a6 6. Be3 e5 7. Nb3 Be6 8. f3 Nbd7 9. g4 Nb6 10. g5 Nh5 11. Qd2 Rc8 12. O-O-O Be7 13. Kb1 O-O 14. Rg1 g6 15. f4 exf4 16. Bxf4 Nxf4 17. Qxf4 Rxc3 18.
bxc3 Na4 19. Rg3 Qc7 20. Rdd3 f6 21. gxf6 Bxf6 22. Qxd6 Nxc3+ 23. Kc1 Nxa2+ 24. Kb1 Nc3+ 25. Kc1 Qxd6 26. Rxd6 Be5 27. Rxe6 Rxf1+ 28. Kd2 Nxe4+ 29. Ke2 Nxg3+ 30. hxg3 Rf5 31. g4 Rg5 32. Kf3 h5 33. gxh5 gxh5 34. Nc5 h4 35. Ne4 Rf5+ 36. Ke2 h3 37.
Rh6 h2 38. c4 a5 39. Rh3 a4 0-1

[Event "*** SCC Grand Prix: Titled Tuesday Blitz"]
[Site "Chess.com"]
[Date "2020.08.11"]
[Round "6"]
[White "Chernobay_Artem"]
[Black "Jadeit90"]
[Result "0-1"]
[WhiteElo "2479"]
[BlackElo "2257"]
[TimeControl "180+1"]
[EndTime "11:06:26 PDT"]
[Termination "Jadeit90 won on time"]

1. e4 c5 2. Nf3 Nc6 3. Bb5 Qc7 4. O-O g6 5. Nc3 Bg7 6. Re1 a6 7. Bf1 d6 8. a4 Nf6 9. h3 O-O 10. d3 e5 11. g3 Be6 12. Bg2 Nd4 13. Ng5 Bd7 14.
f4 Nh5 15. Nd5 Qd8 16. Kh2 h6 17. Nf3 Nxf3+ 18. Bxf3 Nf6 19. Ne3 exf4 20. gxf4 Bc6 21. c4 Kh7 22. Rg1 b5 23. Qc2 bxa4 24. Bd2 Rb8 25. Bc3 Ne8 26. Rg2 Bxc3 27. bxc3 Qh4 28. Rg4 Qf6 29. f5 h5 30. Rg2 Qe5+ 31. Kh1 Qf4 32. Qe2 Nf6 33. Rf1 Qh4 34. Kh2 a3 35.
Kg1 Rb2 36. Nc2 Ba4 37. Qd1 a2 38. Kh2 Bxc2 39. Rxc2 Rb1 0-1

[Event "*** SCC Grand Prix: Titled Tuesday Blitz"]
[Site "Chess.com"]
[Date "2020.08.11"]
[Round "6"]
[White "MF1966Idrisov"]
[Black "Korona_91"]
[Result "0-1"]
[WhiteElo "2378"]
[BlackElo "2495"]
[TimeControl "180+1"]
[EndTime "11:06:27 PDT"]
[Termination "Korona_91 won by resignation"]

1. Nf3 g6 2. d4 Bg7 3. b3 d6 4.
Bb2 Nd7 5. g3 e5 6. dxe5 dxe5 7.
c4 f5 8. e4 fxe4 9. Nfd2 Ngf6 10. Bg2 Nc5 11. O-O O-O 12. Nc3 Bg4 13. Qc2 Qd3 14.
Qxd3 exd3 15. Ba3 Nfd7 16. Nde4 Nxe4 17. Bxe4 c5 18. Bxd3 e4 19. Nxe4 Bxa1 20. Rxa1 b6 21. Bb2 Rae8 22. f4 Bf5 23. Re1 Re6 24. Kf2 Rfe8 25.
Kf3 h5 26. Bc3 a6 27. Re3 Kf8 28. Bd2 Nf6 29. Nxf6 Rxf6 30. Rxe8+ Kxe8 31. Bxf5 gxf5 32. Bc3 Rd6 33. Ke2 b5 34. Be5 Rh6 35. h4 bxc4 36. bxc4 Rb6 37. Kd3 Rb1 38. Kc2 Rg1 39. Bd6 Rg2+ 40.
Kb1 Rxg3 41. Bxc5 Rg4 42. Bd6 Rxh4 0-1

[Event "*** SCC Grand Prix: Titled Tuesday Blitz"]
[Site "Chess.com"]
[Date "2020.08.11"]
[Round "6"]
[White "Rainmond"]
[Black "GMBenjaminBok"]
[Result "0-1"]
[WhiteElo "2683"]
[BlackElo "2907"]
[TimeControl "180+1"]
[EndTime "11:06:28 PDT"]
[Termination "GMBenjaminBok won by resignation"]

1. Nf3 d5 2. e3 Nf6 3. c4 c6 4.
b3 Bf5 5. Bb2 e6 6. Nc3 Bd6 7. Nh4 Bg4 8. Be2 Bxe2 9. Qxe2 O-O 10.
O-O Nbd7 11. d4 Ne4 12. Nxe4 Bxh2+ 13. Kxh2 Qxh4+ 14. Kg1 dxe4 15. f3 Nf6 16. Qf2 Qg5 17. Kh2 Rfe8 18. Rh1 Rad8 19. Rad1 b5 20. Ba3 bxc4 21.
bxc4 e5 22. Bc5 exd4 23. Bxd4 c5 24. Bc3 Qh6+ 25. Kg3 Nh5+ 26. Kh2 Nf4+ 27. Kg3 Qg5+ 28. Kh2 Nd3 29. Qg3 Qh6+ 30. Kg1 Qxe3+ 31. Kf1 Ne5 32. Qe1 Rxd1 0-1

[Event "*** SCC Grand Prix: Titled Tuesday Blitz"]
[Site "Chess.com"]
[Date "2020.08.11"]
[Round "6"]
[White "dosto07"]
[Black "Euge_chess"]
[Result "1-0"]
[WhiteElo "2291"]
[BlackElo "2069"]
[TimeControl "180+1"]
[EndTime "11:06:28 PDT"]
[Termination "dosto07 won on time"]

1. e4 e5 2. Nf3 Nc6 3. Bb5 Nf6 4. O-O d6 5. Re1 Be7 6. d4 exd4 7. Nxd4 Bd7 8. Nc3 Nxd4 9. Bxd7+ Qxd7 10. Qxd4 O-O 11. Bg5 h6 12. Bh4 Ng4 13. Bxe7 Qxe7 14. Nd5 Qd7 15. h3 Ne5 16. f4 Nc6 17. Qd3 Rfe8 18. Rad1 Ne7 19. Nc3 Rad8 20. Qg3 Qc6 21. f5 f6 22. Kh1 b5 23. Qd3 a6 24. Ne2 d5 25.
Nd4 Qc4 26. Ne6 Rd7 27. Qg3 Nc6 28. Rxd5 Rde7 29. b3 Qxc2 30. Rc5 Qxa2 31. Rxc6 Qxb3 32. Rxc7 Rxc7 33. Qxb3 Rce7 34. Nc7+ 1-0

[Event "*** SCC Grand Prix: Titled Tuesday Blitz"]
[Site "Chess.com"]
[Date "2020.08.11"]
[Round "6"]
[White "talman67"]
[Black "XDPS"]
[Result "1-0"]
[WhiteElo "2500"]
[BlackElo "2641"]
[TimeControl "180+1"]
[EndTime "11:06:29 PDT"]
[Termination "talman67 won on time"]

1. e4 e5 2. Nf3 Nc6 3. Bb5 a6 4. Ba4 d6 5. O-O Bd7 6. d4 Nxd4 7. Bxd7+ Qxd7 8. Nxd4 exd4 9. Qxd4 Nf6 10. c4 Be7 11. b3 O-O 12. Bb2 Rfe8 13. Nc3 c6 14. Rad1 Rad8 15.
Rfe1 Qc7 16. f3 b5 17. Kh1 Nh5 18. Ne2 Bf6 19. Qd2 Bxb2 20. Qxb2 Nf6 21. Qc3 Qb6 22. Ng3 Re6 23. Nf5 Ne8 24. Rd2 Qc5 25. Red1 b4 26.
Qb2 a5 27. g4 f6 28. Rg1 Qe5 29.
Qc2 g6 30. Nd4 Rc8 31. Nxe6 Qxe6 32. c5 d5 33. exd5 cxd5 34. Rgd1 Nc7 35. Re2 Qc6 36. Rde1 Nb5 37. Re6 Qc7 38. Rxf6 Kg7 39. Ree6 Qf4 40. Rxf4 1-0

[Event "*** SCC Grand Prix: Titled Tuesday Blitz"]
[Site "Chess.com"]
[Date "2020.08.11"]
[Round "6"]
[White "mortngabriel"]
[Black "GalperinPlaton"]
[Result "0-1"]
[WhiteElo "2453"]
[BlackElo "2614"]
[TimeControl "180+1"]
[EndTime "11:06:33 PDT"]
[Termination "GalperinPlaton won by resignation"]

1. d4 f5 2. Nc3 Nf6 3. Bg5 d5 4.
Bxf6 exf6 5. e3 Be6 6. Qf3 c6 7. Bd3 g6 8. Nge2 Nd7 9. Nf4 Bf7 10. O-O-O Bd6 11. h3 Qe7 12. g4 O-O-O 13. gxf5 g5 14.
Nfe2 h5 15. h4 Kb8 16. Kb1 Rhg8 17. Ng3 Rh8 18. Rdg1 Rdg8 19. hxg5 Rxg5 20. Nce2 h4 21. Nf4 Qe8 22. Nge2 Rh6 23. Rh3 Qg8 24. Rgh1 c5 25. Bb5 Nb6 26. dxc5 Bxc5 27. a3 Rxf5 28. Rxh4 Rxh4 29.
Rxh4 d4 30. exd4 Bxd4 31. Nxd4 Qg1+ 0-1

[Event "*** SCC Grand Prix: Titled Tuesday Blitz"]
[Site "Chess.com"]
[Date "2020.08.11"]
[Round "6"]
[White "CaspiIsrael"]
[Black "maxip32"]
[Result "1-0"]
[WhiteElo "2639"]
[BlackElo "2467"]
[TimeControl "180+1"]
[EndTime "11:06:34 PDT"]
[Termination "CaspiIsrael won on time"]

1. e4 c5 2. Nf3 d6 3. d4 cxd4 4. Nxd4 Nf6 5. Nc3 a6 6. f3 e5 7. Nb3 Be6 8. Be3 Be7 9. Qd2 O-O 10. O-O-O a5 11. a4 Nc6 12. g4 Nb4 13. Kb1 Rc8 14. g5 Nh5 15. Rg1 g6 16. h4 Qc7 17. Qf2 Bd8 18. Rd2 Nf4 19. Nb5 Qe7 20. Nxd6 Rxc2 21. Rxc2 Bxb3 22. Rd2 Qe6 23. Bxf4 exf4 24. Qc5 b6 25. Qc3 Bc2+ 26. Rxc2 Nxc2 27. Nxf7 Rxf7 28. Bc4 Qe7 29. Qxc2 Kf8 30. Bxf7 Kxf7 31. Rd1 Bc7 32. Qc4+ Kf8 33. Ka2 Bd6 34. Qc8+ Kf7 35. Qc6 1-0

[Event "*** SCC Grand Prix: Titled Tuesday Blitz"]
[Site "Chess.com"]
[Date "2020.08.11"]
[Round "6"]
[White "RobPeresian"]
[Black "Na_binci"]
[Result "1-0"]
[WhiteElo "2240"]
[BlackElo "1972"]
[TimeControl "180+1"]
[EndTime "11:06:34 PDT"]
[Termination "RobPeresian won by resignation"]

1. Nf3 Nf6 2. c4 g6 3. Nc3 Bg7 4. e4 d6 5. d4 O-O 6. h3 e5 7. d5 Na6 8. Bg5 h6 9. Be3 Nc5 10. Nd2 a5 11. Be2 Nh7 12. g4 f5 13. gxf5 gxf5 14.
Rg1 Kh8 15. Qc2 fxe4 16. Ndxe4 Bf5 17. Bxc5 dxc5 18. O-O-O Qh4 19. Bd3 c6 20. d6 b5 21.
Nxc5 Bxd3 22. Rxd3 Rxf2 23. Rd2 Rxd2 24. Qxd2 b4 25.
N3e4 Ng5 26. Rxg5 hxg5 27. d7 g4 28. hxg4 Qh1+ 29. Kc2 a4 30. Qxb4 Rd8 31. Qd2 Qg1 32. Qg5 a3 33. Qxd8+ Kh7 34. Qh4+ Kg8 35. d8=Q+ 1-0

[Event "*** SCC Grand Prix: Titled Tuesday Blitz"]
[Site "Chess.com"]
[Date "2020.08.11"]
[Round "6"]
[White "Alexander_Donchenko"]
[Black "tigra"]
[Result "1-0"]
[WhiteElo "2684"]
[BlackElo "2860"]
[TimeControl "180+1"]
[EndTime "11:06:36 PDT"]
[Termination "Alexander_Donchenko won by resignation"]

1. Nf3 Nf6 2. g3 e6 3. Bg2 d5 4. O-O Be7 5. c4 O-O 6. b3 b6 7. Bb2 Bb7 8. e3 c5 9. Nc3 d4 10. exd4 cxd4 11. Ne2 d3 12. Nf4 Na6 13. Ne5 Bxg2 14.
Kxg2 Nc5 15. Qf3 Qc7 16. Nfxd3 Nxd3 17. Nxd3 Rad8 18. Rad1 b5 19. Ne5 bxc4 20. bxc4 Bd6 21. Rfe1 Bxe5 22. Bxe5 Qxc4 23. Bxf6 gxf6 24. Re4 Qd5 25.
Ra4 a5 26. Ra3 Rd7 27. Kf1 f5 28. Qf4 Kh8 29. Kg1 Rg8 30. Rc1 Rg6 31. Rc2 Kg7 32. h4 Rg4 33. Qe3 Re4 34. Qg5+ 1-0

[Event "*** SCC Grand Prix: Titled Tuesday Blitz"]
[Site "Chess.com"]
[Date "2020.08.11"]
[Round "6"]
[White "FlamingPhoenix123"]
[Black "WIDBIFS"]
[Result "1/2-1/2"]
[WhiteElo "2558"]
[BlackElo "2707"]
[TimeControl "180+1"]
[EndTime "11:06:36 PDT"]
[Termination "Game drawn by repetition"]

1. e4 g6 2. d4 Bg7 3. Nc3 c6 4.
Nf3 d6 5. a4 Nf6 6. h3 O-O 7.
Be3 Nbd7 8. a5 Qc7 9. Be2 e5 10. O-O exd4 11. Bxd4 Re8 12. Bc4 Ne5 13. Nxe5 dxe5 14.
Be3 Nh5 15. Qf3 Nf4 16. Rfd1 Be6 17. Bf1 Bf8 18. Na4 Red8 19. Nc5 Rxd1 20. Rxd1 Bxc5 21. Bxc5 Qxa5 22. b4 Qa2 23. Bd6 f6 24. g3 Nxh3+ 25.
Bxh3 Bxh3 26. Qxf6 Qf7 27. Qxf7+ Kxf7 28. Bxe5 Re8 29.
f4 Bg4 30. Rd6 Bf3 31. Rd4 Bg4 32. Kf2 Re7 33. Rd6 Rd7 34. Rxd7+ Bxd7 35. Bd4 b6 36. Be5 a5 37. bxa5 bxa5 38. Bd6 Ke6 39. Ba3 Bc8 40.
Ke3 h5 41. Kd4 Ba6 42. Kc5 Be2 43. Kxc6 Bf3 44. Kb5 Bxe4 45. c3 Kf5 46. Be7 Ke6 47.
Bh4 Bd3+ 48. Kxa5 Kd5 49. Kb6 Kc4 50. Bf6 Bf5 51. Kc6 Bd3 52. Kd6 Bf5 53. Bd4 Bd3 54. Ke5 Bf5 55. Kf6 Bd3 56. Kg5 Bf5 57. Kh4 Bd3 58. g4 hxg4 59. Kxg4 Bf5+ 60. Kg5 Bd3 61.
Kf6 Bf5 62. Kg5 Bd3 63. Kf6 Bf5 64. Kg5 1/2-1/2

[Event "*** SCC Grand Prix: Titled Tuesday Blitz"]
[Site "Chess.com"]
[Date "2020.08.11"]
[Round "6"]
[White "ThePatrick27"]
[Black "alexrustemov"]
[Result "0-1"]
[WhiteElo "2467"]
[BlackElo "2640"]
[TimeControl "180+1"]
[EndTime "11:06:36 PDT"]
[Termination "alexrustemov won on time"]

1. d4 d5 2. c4 e6 3. Nf3 Nf6 4.
g3 Bb4+ 5. Bd2 Be7 6. Bg2 O-O 7. O-O Nbd7 8. Qc2 b6 9. cxd5 exd5 10. Bf4 c5 11. Nc3 Bb7 12. Rfd1 Rc8 13. dxc5 Nxc5 14. Qf5 g6 15. Qb1 Qd7 16. Nd4 Rfe8 17. a3 Bf8 18. b4 Nce4 19. Nxe4 Nxe4 20. Rd3 Bg7 21. Qe1 Rc4 22.
Rad1 Rec8 23. Nf3 Nc3 24. R1d2 Qe6 25. Bf1 Ne4 26. Rd1 Bc3 27. Rxc3 Nxc3 28. Rd2 d4 29.
Nxd4 Qe4 30. Nf3 Re8 31. Qa1 f6 32. Rd7 Bc6 0-1

[Event "*** SCC Grand Prix: Titled Tuesday Blitz"]
[Site "Chess.com"]
[Date "2020.08.11"]
[Round "6"]
[White "BlackWidow515"]
[Black "Karina_Ivanova"]
[Result "0-1"]
[WhiteElo "2086"]
[BlackElo "2210"]
[TimeControl "180+1"]
[EndTime "11:06:37 PDT"]
[Termination "Karina_Ivanova won by resignation"]

1. e4 c6 2. Nf3 d5 3. exd5 cxd5 4. d4 Nc6 5. c3 Bg4 6. Bd3 Nf6 7. O-O e6 8. Bf4 Bd6 9. Bxd6 Qxd6 10. Nbd2 O-O 11. a4 a6 12. a5 Qc7 13. Qa4 Nd7 14.
h3 Bh5 15. Rfe1 Rfe8 16. Ne5 Ndxe5 17. dxe5 Nxe5 18. Bc2 Bg6 19. Bxg6 Nxg6 20. Nf3 Rac8 21. Nd4 Ne5 22. Rad1 Nc6 23. Nxc6 Qxc6 24. Qxc6 bxc6 25. Rd4 c5 26. Ra4 c4 27. Rb1 Rb8 28. b3 cxb3 29. Rb4 Rxb4 30. cxb4 Rb8 31. Rxb3 Rb5 32. Kf1 Kf8 33.
Ke2 Ke7 34. Kd3 Kd6 35. Kc3 e5 36. Rb1 Rb8 37. Rd1 d4+ 38. Kb3 Kd5 39. Rc1 Rb7 40. Rc5+ Ke4 41. Rc6 d3 42. Rxa6 Rd7 43. Rc6 d2 44.
Rc4+ Kf5 45. g4+ Kg5 46. h4+ Kxh4 47. g5+ Kxg5 48. f4+ exf4 49. Rc5+ Kg4 50. Rg5+ Kxg5 0-1

[Event "*** SCC Grand Prix: Titled Tuesday Blitz"]
[Site "Chess.com"]
[Date "2020.08.11"]
[Round "6"]
[White "praveenb2002"]
[Black "GMaka"]
[Result "1-0"]
[WhiteElo "2731"]
[BlackElo "2344"]
[TimeControl "180+1"]
[EndTime "11:06:38 PDT"]
[Termination "praveenb2002 won by checkmate"]

1. d4 d5 2. c4 e5 3. dxe5 d4 4. Nf3 Nc6 5. g3 Bb4+ 6. Nbd2 Nge7 7. Bg2 Ng6 8. O-O O-O 9. Nb3 Ngxe5 10. Nbxd4 Nxd4 11.
Nxd4 Nxc4 12. e3 Nb6 13. Qc2 c6 14. b3 Be7 15. Rd1 Qe8 16. Bb2 Bf6 17. Rac1 Bg4 18. Rd2 Rd8 19. h3 Bc8 20. Rcd1 Qe7 21. Qc1 Rde8 22. Ba3 Qe5 23. Bxf8 Rxf8 24. a4 Qa5 25. Qa3 Re8 26. Kh2 g6 27. Ne2 Bf5 28. Nf4 Be4 29.
Bxe4 Rxe4 30. Rd8+ Bxd8 31. Rxd8+ Kg7 32. Qf8+ Kf6 33.
Rd6+ Kg5 34. Kg2 f5 35. h4+ Kg4 36. f3# 1-0

[Event "*** SCC Grand Prix: Titled Tuesday Blitz"]
[Site "Chess.com"]
[Date "2020.08.11"]
[Round "6"]
[White "attack2mateU"]
[Black "wonderfultime"]
[Result "0-1"]
[WhiteElo "2718"]
[BlackElo "2972"]
[TimeControl "180+1"]
[EndTime "11:06:39 PDT"]
[Termination "wonderfultime won on time"]

1. e4 c5 2. Nf3 Nf6 3. e5 Nd5 4. Nc3 e6 5. Ne4 f5 6. Nc3 Ne7 7. Nb5 Ng6 8. h4 Nc6 9. Nd6+ Bxd6 10. exd6 O-O 11. b3 Qf6 12. Ba3 b6 13. h5 Nge5 14. Be2 Bb7 15. c3 Rae8 16. d4 Nxf3+ 17. Bxf3 cxd4 18.
cxd4 e5 19. Bd5+ Kh8 20. h6 Ba6 21. hxg7+ Qxg7 22. Bc4 Bxc4 23. bxc4 Nxd4 24. Kf1 Rg8 25. Rh2 Re6 26. Rc1 Rh6 27. Rxh6 Qxh6 28. Kg1 Qg5 29. g3 f4 30. Rc3 Qf5 31. Rd3 fxg3 32. Rxg3 Rf8 33.
Rg2 Nf3+ 34. Kf1 Qh3 0-1

[Event "*** SCC Grand Prix: Titled Tuesday Blitz"]
[Site "Chess.com"]
[Date "2020.08.11"]
[Round "6"]
[White "IriBu"]
[Black "Anuar_Is"]
[Result "0-1"]
[WhiteElo "2488"]
[BlackElo "2700"]
[TimeControl "180+1"]
[EndTime "11:06:39 PDT"]
[Termination "Anuar_Is won on time"]

1. e4 c5 2. Nf3 Nc6 3. d4 cxd4 4.
Nxd4 Nf6 5. Nc3 e5 6. Ndb5 d6 7. Bg5 a6 8. Na3 b5 9. Nd5 Be7 10. Bxf6 Bxf6 11. c4 b4 12. Nc2 O-O 13. h4 Rb8 14. b3 a5 15. g3 Be6 16. Nxf6+ Qxf6 17. Bg2 Qe7 18. O-O Ra8 19. Qd2 Qc7 20. Rfd1 Rfd8 21.
Kh2 Qb6 22. Ne3 a4 23. Bh3 Nd4 24. Qd3 axb3 25. axb3 Ra3 26. Rab1 Ra2 27. Bxe6 fxe6 28. Kg2 Rf8 29. Rd2 Qa7 30. Rbd1 Ra3 31. Rb1 Ra2 32. Rbd1 Rxd2 33. Rxd2 Qa1 34. c5 dxc5 35. Qc4 Qc3 36. Qxc3 bxc3 37. Rd3 Ne2 38. Nc4 c2 0-1

[Event "*** SCC Grand Prix: Titled Tuesday Blitz"]
[Site "Chess.com"]
[Date "2020.08.11"]
[Round "6"]
[White "PauloCesarCosta_sad"]
[Black "ChessBitl"]
[Result "0-1"]
[WhiteElo "2253"]
[BlackElo "2428"]
[TimeControl "180+1"]
[EndTime "11:06:39 PDT"]
[Termination "ChessBitl won on time"]

1. Nf3 c5 2. c4 Nc6 3. g3 d6 4. d4 cxd4 5. Nxd4 e5 6. Nb5 Be6 7. b3 Be7 8. Bg2 Qd7 9. O-O Nf6 10.
N5c3 Rc8 11. Bg5 h6 12. Bxf6 Bxf6 13. Nd5 Bxd5 14. cxd5 Nd4 15. Nd2 O-O 16. Ne4 Be7 17. e3 Nb5 18. a4 Nc3 19. Nxc3 Rxc3 20. Rc1 Rfc8 21. Rxc3 Rxc3 22. Qb1 Qc8 23. Be4 Kf8 24. Bf5 Qc5 25. Be4 a6 26. Rd1 Qa3 27. Bc2 Qb4 28.
Rd3 Rc5 29. Rd1 g6 30. h4 h5 31. Kg2 Rc3 32. Rd3 Rc8 33. Kh2 Bf6 34. Rd1 Kg7 35. e4 Bd8 36. Bd3 Ba5 37. Qb2 Rc3 38.
Bc2 Bb6 39. Kg1 Bd4 40. Qb1 Rxg3+ 41. Kf1 Rf3 42. Kg2 Rxf2+ 43. Kh1 Qc5 44. Rd3 Qc8 0-1

[Event "*** SCC Grand Prix: Titled Tuesday Blitz"]
[Site "Chess.com"]
[Date "2020.08.11"]
[Round "6"]
[White "UKR_Master"]
[Black "Lupul_Cenusiu"]
[Result "0-1"]
[WhiteElo "2305"]
[BlackElo "2493"]
[TimeControl "180+1"]
[EndTime "11:06:42 PDT"]
[Termination "Lupul_Cenusiu won by resignation"]

1. e4 c5 2. Nf3 e6 3. c3 d6 4. d4 Nf6 5. Bd3 Nc6 6. O-O Be7 7. Nbd2 b6 8. Re1 Bb7 9. Qe2 Qc7 10. Ba6 Bxa6 11.
Qxa6 O-O 12. b3 cxd4 13. Bb2 dxc3 14. Bxc3 Qc8 15. Qd3 Qb7 16. Rac1 Rfd8 17. Nc4 Ne8 18. Qe3 Rac8 19. Rcd1 b5 20. Ncd2 b4 21. Bb2 Na5 22.
Qd3 h6 23. Nd4 a6 24. Ne2 Nf6 25. f4 Rd7 26. Kh1 Rdc7 27. Nd4 Nc6 28. Nxc6 Rxc6 29.
Nc4 Qb5 30. e5 dxe5 31. fxe5 Nd5 32. Qg3 Rxc4 33. bxc4 Rxc4 34. Rf1 Rc2 35. Qf3 Rxb2 36. Qxf7+ Kh7 37. Qxe6 Ne3 38. Rf3 Qe2 39. Rg1 Rb1 40. Rxe3 Rxg1+ 41. Kxg1 Qxe3+ 42. Kf1 Qd3+ 43. Kg1 Bc5+ 0-1

[Event "*** SCC Grand Prix: Titled Tuesday Blitz"]
[Site "Chess.com"]
[Date "2020.08.11"]
[Round "6"]
[White "Sesleria"]
[Black "tan275"]
[Result "0-1"]
[WhiteElo "1954"]
[BlackElo "2227"]
[TimeControl "180+1"]
[EndTime "11:06:42 PDT"]
[Termination "tan275 won on time"]

1. e4 c6 2. d4 d5 3. e5 Bf5 4. Nf3 e6 5. Be2 Ne7 6. Nbd2 Bg6 7. c4 Nf5 8. Qb3 Qd7 9. cxd5 cxd5 10. g4 Nh6 11. h3 Nc6 12. Nf1 Bb4+ 13. Bd2 Bxd2+ 14. N1xd2 O-O 15. Bb5 Rac8 16. Rc1 a6 17. Bxc6 Rxc6 18.
Rxc6 Qxc6 19. O-O Rc8 20. Qb4 f6 21. Nb3 Be4 22. Rc1 Qd7 23. Nfd2 fxe5 24. dxe5 Nf7 25.
Rxc8+ Qxc8 26. Nc5 Nxe5 27. Ndxe4 dxe4 28. Nxe4 Qc6 29. Kh2 Nf3+ 30. Kg3 Ne5 31. Qe7 h6 0-1

[Event "*** SCC Grand Prix: Titled Tuesday Blitz"]
[Site "Chess.com"]
[Date "2020.08.11"]
[Round "6"]
[White "Zhani-Z"]
[Black "Anna_ChessMate"]
[Result "1-0"]
[WhiteElo "2470"]
[BlackElo "2599"]
[TimeControl "180+1"]
[EndTime "11:06:44 PDT"]
[Termination "Zhani-Z won on time"]

1. e4 c6 2. d4 d5 3. exd5 cxd5 4. Bd3 Nc6 5. c3 Nf6 6. Bf4 Bg4 7. Qb3 e5 8. h3 exf4 9. hxg4 Qe7+ 10. Kf1 Nxg4 11.
Nd2 Qd7 12. Re1+ Be7 13. Ngf3 O-O-O 14. Qa4 Bd6 15. Rh5 Ne7 16. Qxa7 g6 17. Rh4 Nc6 18. Qa4 h5 19. Bb5 Rde8 20. Rc1 Kc7 21. c4 Ra8 22.
Qb3 dxc4 23. Qxc4 Ra5 24. d5 1-0

[Event "*** SCC Grand Prix: Titled Tuesday Blitz"]
[Site "Chess.com"]
[Date "2020.08.11"]
[Round "6"]
[White "JesseKraai"]
[Black "Nemsko"]
[Result "1-0"]
[WhiteElo "2548"]
[BlackElo "2348"]
[TimeControl "180+1"]
[EndTime "11:06:45 PDT"]
[Termination "JesseKraai won on time"]

1. Nf3 Nf6 2. c4 e6 3. g3 d5 4. Bg2 d4 5. O-O c5 6. d3 Nc6 7. e3 Be7 8. exd4 cxd4 9. Bf4 Nd7 10. Re1 O-O 11. Na3 Re8 12. Nc2 Bf6 13. h4 e5 14.
Bg5 h6 15. Bxf6 Nxf6 16. Nd2 Bf5 17. Ne4 Nxe4 18. Bxe4 Bxe4 19. Rxe4 f5 20. Re1 e4 21. b4 Qf6 22. dxe4 fxe4 23. Kg2 Rad8 24. b5 Na5 25. Nb4 Nxc4 26. Qb3 Qf7 27. Rac1 Nb6 28. Rc7 Qxb3 29. axb3 Rd7 30. Rec1 Rxc7 31. Rxc7 d3 32. Kf1 Rd8 33. Ke1 Rd4 34. Na2 Nd5 35. Rc4 d2+ 36.
Kd1 1-0

[Event "*** SCC Grand Prix: Titled Tuesday Blitz"]
[Site "Chess.com"]
[Date "2020.08.11"]
[Round "6"]
[White "TudorAnton"]
[Black "JoliyRoger"]
[Result "0-1"]
[WhiteElo "2532"]
[BlackElo "2333"]
[TimeControl "180+1"]
[EndTime "11:06:45 PDT"]
[Termination "JoliyRoger won on time"]

1. c4 Nf6 2. Nc3 c5 3. g3 e6 4.
Bg2 Be7 5. Nf3 O-O 6. O-O Nc6 7. d4 cxd4 8. Nxd4 Ne5 9. b3 d6 10. Bb2 a6 11. Rc1 Qc7 12. h3 Rb8 13. f4 Ng6 14.
Kh2 Re8 15. e4 Bf8 16. f5 Ne5 17. fxe6 fxe6 18. Rc2 Qf7 19. Rcf2 Qg6 20. Nce2 Nxe4 21. Nf4 Nxf2 22. Rxf2 Qh6 23. Kg1 b5 24. Bc1 g5 25.
Nh5 Be7 26. Nc6 Nxc6 27. Bxc6 Rf8 28. Rxf8+ Qxf8 29. Bb2 bxc4 30. Qd4 Kf7 0-1

[Event "*** SCC Grand Prix: Titled Tuesday Blitz"]
[Site "Chess.com"]
[Date "2020.08.11"]
[Round "6"]
[White "mbachez"]
[Black "Skatchkov_V"]
[Result "0-1"]
[WhiteElo "2464"]
[BlackElo "2638"]
[TimeControl "180+1"]
[EndTime "11:06:47 PDT"]
[Termination "Skatchkov_V won by checkmate"]

1. e4 e5 2. Nf3 Nf6 3. Nxe5 d6 4. Nxf7 Kxf7 5. Nc3 Qe8 6. Bd3 Nc6 7. O-O Be6 8. f4 Kg8 9. b3 Bf7 10. Re1 g6 11. Bb2 Bg7 12. e5 dxe5 13. fxe5 Nxe5 14. Nb5 Nd5 15. Bc4 c6 16. Nd6 Qd7 17. Nxf7 Nxf7 18. c3 h6 19. d4 Kh7 20. Bd3 Rae8 21. Qc2 Nf4 22. Be4 Ng5 23. g3 Nfh3+ 24. Kg2 Rxe4 25.
Rxe4 Qd5 26. Re1 Re8 27. c4 Qf5 28. g4 Qf3# 0-1

[Event "*** SCC Grand Prix: Titled Tuesday Blitz"]
[Site "Chess.com"]
[Date "2020.08.11"]
[Round "6"]
[White "Zarikovs1999"]
[Black "MestreSoares"]
[Result "1-0"]
[WhiteElo "2371"]
[BlackElo "2150"]
[TimeControl "180+1"]
[EndTime "11:06:47 PDT"]
[Termination "Zarikovs1999 won on time"]

1. c4 Nf6 2. Nf3 g6 3. g3 Bg7 4. Bg2 O-O 5. O-O c6 6. d4 d5 7.
Nc3 Bf5 8. cxd5 cxd5 9. Qb3 Qb6 10. Nxd5 Nxd5 11. Qxd5 Nc6 12. e3 Rac8 13. a3 Na5 14. b4 Nc4 15. Nd2 Nxd2 16. Bxd2 Rc7 17. Rac1 Be6 18. Qe4 Rfc8 19. Rc5 Bf5 20. Qf4 e5 21.
dxe5 Rxc5 22. bxc5 Qxc5 23. Bb4 Qxe5 24. Qxe5 Bxe5 25. Bxb7 Rb8 26. Bd5 Bd3 27. Rd1 Bb5 28. f4 Bg7 29. e4 Bf8 30. Rd4 a6 31. Kf2 Rc8 32. Ke3 Rc2 33. h4 Rg2 34. Kf3 Rb2 35. e5 h5 36. e6 fxe6 37. Bxe6+ Kg7 38. Bc3 1-0

[Event "*** SCC Grand Prix: Titled Tuesday Blitz"]
[Site "Chess.com"]
[Date "2020.08.11"]
[Round "6"]
[White "wild_cat99"]
[Black "ace_mar"]
[Result "1-0"]
[WhiteElo "2633"]
[BlackElo "2461"]
[TimeControl "180+1"]
[EndTime "11:06:49 PDT"]
[Termination "wild_cat99 won by checkmate"]

1. Nf3 d5 2. e3 Nf6 3. c4 e6 4. b3 Be7 5. Bb2 O-O 6. Nc3 c5 7.
cxd5 Nxd5 8. d4 Nxc3 9. Bxc3 b6 10. Bd3 Bb7 11. O-O Nc6 12. Be4 Qc7 13. Rc1 Rfd8 14. Qe2 cxd4 15. Nxd4 Nxd4 16. Bxd4 Qd7 17. Qg4 Bf8 18. Bb1 Rac8 19. Qh4 h6 20. Qg3 Ba6 21. Rfd1 Rxc1 22. Rxc1 Rc8 23. Rd1 Bb7 24. h3 Re8 25. f4 Rc8 26. Bd3 Qd5 27. Qg4 Qd7 28. f5 e5 29. Bxe5 Qd5 30. Bd4 Rc6 31. f6 Rd6 32. fxg7 Be7 33. Bh7+ Kxh7 34. g8=Q# 1-0

[Event "*** SCC Grand Prix: Titled Tuesday Blitz"]
[Site "Chess.com"]
[Date "2020.08.11"]
[Round "6"]
[White "AleksanderHnydiuk"]
[Black "Sanyura"]
[Result "0-1"]
[WhiteElo "2550"]
[BlackElo "2408"]
[TimeControl "180+1"]
[EndTime "11:06:50 PDT"]
[Termination "Sanyura won on time"]

1. e4 c5 2. Nf3 e6 3. d4 cxd4 4. Nxd4 Nf6 5. Nc3 Nc6 6. Ndb5 Bc5 7. Bf4 O-O 8. Bd6 Bxd6 9. Nxd6 Qb6 10. Nc4 Qd8 11.
Qd6 a6 12. O-O-O b5 13. Ne5 Qa5 14. a3 Bb7 15. f3 Rac8 16. Kb1 Nxe5 17. Qxe5 d5 18.
exd5 Nxd5 19. Nxd5 Bxd5 20. Bd3 b4 21. Qe1 Rb8 22.
Be4 Bxe4 23. fxe4 Qc5 24. axb4 Rxb4 25. Rd3 Rfb8 26. b3 h6 27. Qc3 Qb6 28. Rhd1 Rxe4 29. Rd6 Qb4 30. Qc7 Re3 31. Rd8+ Rxd8 32. Rxd8+ Kh7 0-1